NULL
Full Scoreboard »»

Hurricanes vs Islanders

Created - April 18, 2023 at 22:09

Goals
1 2 3 OT1 T
Hurricanes 0 4 0 1 5
Islanders 1 1 2 0 4
Shots
1 2 3 OT1 T
Hurricanes 11 15 6 1 33
Islanders 7 16 11 2 36

GoalsPenalties
1st period
1. Islanders , Lars Eller 9 (Anders Lee 18, Chandler Stephenson 28) at 18:10
Sebastian Cossa (NYI) for Slashing (Minor) at 3:27 - Jacob Trouba served the penalty
Robert Thomas (CAR) for Holding (Minor) at 9:55
2nd period
2. Hurricanes , Adam Henrique 16 (Anthony Mantha 23) at 4:22
3. Islanders , Nick Schmaltz 21 (Jesper Bratt 44, Brady Skjei 16) at 5:28 (PP)
4. Hurricanes , Timothy Liljegren 4 (Anthony Mantha 24, Robert Thomas 27) at 9:07
5. Hurricanes , Sean Kuraly 11 (Cam Atkinson 22, Justin Faulk 28) at 11:49
6. Hurricanes , Anthony Mantha 19 (Robert Hagg 8) at 15:33 (PP)
Jake McCabe (NYI) for Roughing (Minor) at 0:55
Sebastian Aho (CAR) for Slashing (Minor) at 4:44
Brock Nelson (NYI) for Hooking (Minor) at 15:01
Nick Schmaltz (NYI) for Hooking (Minor) at 18:11
3rd period
7. Islanders , Christian Dvorak 10 (Jake McCabe 11, Barclay Goodrow 2) at 2:30
8. Islanders , Kyle Okposo 6 (Christian Dvorak 18) at 11:40
Brady Skjei (NYI) for Fighting (Major) at 11:23
Robert Hagg (CAR) for Fighting (Major) at 11:23
Bowen Byram (NYI) for Hooking (Minor) at 12:02
Overtime #1
9. Hurricanes , Viktor Arvidsson 20 (Justin Faulk 29, Anthony Mantha 25) at 0:37
No Penalty
Goalie Stats
Matt Murray (CAR), 32 saves from 36 shots - (0.889), W, 15-15-5, 60:37 minutes
Sebastian Cossa (NYI), 28 saves from 33 shots - (0.848), OTL, 25-22-6, 60:37 minutes
3 StarsOfficial
1 - Anthony Mantha (CAR)
2 - Christian Dvorak (NYI)
3 - Adam Henrique (CAR)
Referees : Unknown
Linesman : Unknown
Game Note
18:10 of 1st period - Islanders goal is going for a video replay. After video review, Goal.
Robert Hagg beats up Brady Skjei at 11:23 of 3rd period



Team Name Goals Shots Shots Attemp Shots Blocked PIM HIT PP PK FO%
Hurricanes 5335639281 / 5 (20%)156%
Islanders 43651515301 / 2 (50%)144%

Hurricanes
Player Name POS G A P +/- PIM HIT SHT SB MP PP MP PP SHT PK MP PK SHT FO% FOT GA TA
Adam HenriqueC/LW1012038019:424:1220:13067% 2110
Anthony ManthaLW/RW1343012121:234:1211:04050% 202
Cam AtkinsonC/RW011-1002014:540:0000:00033% 620
Christopher TanevD000-2000020:424:1101:2300% 012
Elliot DesnoyersLW000000004:520:0000:0000% 000
Julien GauthierRW000-1020013:290:0000:000100% 101
Justin FaulkD0220026024:574:1131:2300% 021
Logan MaillouxD000100004:210:0000:0000% 000
Matthew SavoieC000000006:280:0000:42033% 600
Ondrej PalatLW/RW000-1041020:234:1601:260100% 111
Rasmus SandinD0001010121:304:1701:2000% 000
Robert HaggD0111520018:483:1901:2000% 001
Robert ThomasC/RW0112201019:154:1200:0000% 020
Ryan MerkleyD0000011014:260:0000:0000% 001
Sean KuralyC/LW/RW101-1041114:410:0000:0000% 000
Sebastian AhoC/LW/RW000-1254023:264:1600:57056% 2740
Timothy LiljegrenD1010011015:520:5800:0000% 000
Viktor ArvidssonLW/RW1010026019:564:1611:04050% 410
Islanders
Player Name POS G A P +/- PIM HIT SHT SB MP PP MP PP SHT PK MP PK SHT FO% FOT GA TA
Anders LeeC/LW/RW0110011012:450:0000:0000% 220
Barclay GoodrowC/RW0112040010:430:0000:000100% 100
Boone JennerC/LW/RW000-2061019:011:1704:17138% 811
Bowen ByramD0001200017:130:0000:2500% 001
Brady SkjeiD011-2500120:331:2803:2000% 001
Brock NelsonC/LW/RW000-1223013:021:2610:00059% 1700
Chandler StephensonC/LW0110013012:470:0000:00030% 1002
Christian DvorakC/LW1122014010:430:0000:00089% 910
Clayton KellerC/LW/RW000-1015018:421:1724:11021% 1910
David PerronLW/RW000-1013118:151:1704:09050% 210
Ilya LyubushkinD0001011019:250:0003:2300% 002
Jacob TroubaD000-3042122:021:2803:0800% 011
Jake McCabeD0111240120:421:1502:4200% 012
Jesper BrattLW/RW011-2023018:251:2624:1700% 001
Kyle OkposoLW/RW1012004010:430:0000:0000% 002
Lars EllerC/LW/RW1010012013:060:0000:0200% 000
Michael Del ZottoD0001011121:341:1503:5800% 001
Nick SchmaltzC/LW/RW101-1203013:371:2630:0000% 010

Hurricanes

5 vs 5 Forward
Line #Left WingCenterRight WingPHYDFOFWanted %Time %Time Play
1Ondrej PalatSebastian AhoViktor Arvidsson1223030%14:45
2Anthony ManthaAdam HenriqueRobert Thomas1223033%15:57
3Sean KuralyCam AtkinsonJulien Gauthier1223028%13:29
4Elliot DesnoyersMatthew SavoieSebastian Aho122109%4:38
5 vs 5 Defense
Line #DefenseDefensePHYDFOFWanted %Time %Time Play
1Justin FaulkChristopher Tanev1223031%15:08
2Rasmus SandinRobert Hagg1223033%15:53
3Timothy LiljegrenRyan Merkley1223029%14:10
4Logan MaillouxJustin Faulk122107%3:38
Power Play Forward
Line #Left WingCenterRight WingPHYDFOFWanted %Time %Time Play
1Ondrej PalatSebastian AhoViktor Arvidsson1225050%4:16
2Anthony ManthaAdam HenriqueRobert Thomas1225050%4:12
Power Play Defense
Line #DefenseDefensePHYDFOFWanted %Time %Time Play
1Justin FaulkChristopher Tanev1225049%4:11
2Rasmus SandinRobert Hagg1225051%4:17
Penalty Kill 4 Players Forward
Line #CenterWingPHYDFOFWanted %Time %Time Play
1Sebastian AhoOndrej Palat1225053%1:26
2Viktor ArvidssonAnthony Mantha1225047%1:17
Penalty Kill 4 Players Defense
Line #DefenseDefensePHYDFOFWanted %Time %Time Play
1Justin FaulkChristopher Tanev1225051%1:23
2Rasmus SandinRobert Hagg1225049%1:20
Penalty Kill 3 Players
Line #WingPHYDFOFWanted %Time %Time PlayDefenseDefensePHYDFOFWanted %Time %Time Play
1Sebastian Aho122500%0:00 Justin FaulkChristopher Tanev122500%0:00
2Ondrej Palat122500%0:00 Rasmus SandinRobert Hagg122500%0:00
4 vs 4 Forward
Line #CenterWingPHYDFOFWanted %Time %Time Play
1Sebastian AhoOndrej Palat122500%0:00
2Viktor ArvidssonAnthony Mantha122500%0:00
4 vs 4 Defense
Line #DefensePHYDFOFWanted %Time %Time Play
1Justin FaulkChristopher Tanev122500%0:00
2Rasmus SandinRobert Hagg122500%0:00
Last Minutes Offensive
Left WingCenterRight WingDefenseDefense
Ondrej PalatSebastian AhoViktor ArvidssonJustin FaulkChristopher Tanev
Last Minutes Defensive
Left WingCenterRight WingDefenseDefense
Ondrej PalatSebastian AhoViktor ArvidssonJustin FaulkChristopher Tanev
Time
Total ForwardTotal DefenseLast Minutes OffensiveLast Minutes Defensive
60:00 60:00 0:000:00
Extra Forwards
Normal PowerPlayPenalty Kill
Cam Atkinson, Sean Kuraly, Matthew SavoieCam Atkinson, Sean KuralyMatthew Savoie
Extra Defensemen
Normal PowerPlayPenalty Kill
Timothy Liljegren, Ryan Merkley, Logan MaillouxTimothy Liljegren, Ryan MerkleyLogan Mailloux
Penalty Shots
Sebastian Aho, Ondrej Palat, Viktor Arvidsson, Anthony Mantha, Adam Henrique
Goalie
Matt Murray, Jake Oettinger
Custom OT Lines Forwards
Sebastian Aho, Ondrej Palat, Viktor Arvidsson, Anthony Mantha, Adam Henrique, Robert Thomas, Cam Atkinson, Sean Kuraly, Matthew Savoie, Julien Gauthier
Custom OT Lines Defensemen
Justin Faulk, Christopher Tanev, Rasmus Sandin, Robert Hagg, Timothy Liljegren
Scratches
Andreas Athanasiou (Healthy), Mitch Marner (Healthy)

Islanders

5 vs 5 Forward
Line #Left WingCenterRight WingPHYDFOFWanted %Time %Time Play
1David PerronClayton KellerBoone Jenner1222627%13:01
2Jesper BrattBrock NelsonNick Schmaltz1222626%12:33
3Anders LeeChandler StephensonLars Eller1222626%12:32
4Kyle OkposoChristian DvorakBarclay Goodrow1222222%10:43
5 vs 5 Defense
Line #DefenseDefensePHYDFOFWanted %Time %Time Play
1Jacob TroubaBrady Skjei1223436%17:28
2Jake McCabeMichael Del Zotto1223335%16:54
3Bowen ByramIlya Lyubushkin1223330%14:27
4Jacob TroubaBrady Skjei12200%0:00
Power Play Forward
Line #Left WingCenterRight WingPHYDFOFWanted %Time %Time Play
1David PerronClayton KellerBoone Jenner1225047%1:17
2Jesper BrattBrock NelsonNick Schmaltz1225053%1:26
Power Play Defense
Line #DefenseDefensePHYDFOFWanted %Time %Time Play
1Jacob TroubaBrady Skjei1225054%1:28
2Jake McCabeMichael Del Zotto1225046%1:15
Penalty Kill 4 Players Forward
Line #CenterWingPHYDFOFWanted %Time %Time Play
1Clayton KellerDavid Perron1225049%4:11
2Boone JennerJesper Bratt1225051%4:17
Penalty Kill 4 Players Defense
Line #DefenseDefensePHYDFOFWanted %Time %Time Play
1Jacob TroubaBrady Skjei1225053%4:28
2Jake McCabeMichael Del Zotto1225047%4:00
Penalty Kill 3 Players
Line #WingPHYDFOFWanted %Time %Time PlayDefenseDefensePHYDFOFWanted %Time %Time Play
1Clayton Keller122500%0:00 Jacob TroubaBrady Skjei122500%0:00
2David Perron122500%0:00 Jake McCabeMichael Del Zotto122500%0:00
4 vs 4 Forward
Line #CenterWingPHYDFOFWanted %Time %Time Play
1Clayton KellerDavid Perron122500%0:00
2Boone JennerJesper Bratt122500%0:00
4 vs 4 Defense
Line #DefensePHYDFOFWanted %Time %Time Play
1Jacob TroubaBrady Skjei122500%0:00
2Jake McCabeMichael Del Zotto122500%0:00
Last Minutes Offensive
Left WingCenterRight WingDefenseDefense
David PerronClayton KellerBoone JennerJacob TroubaBrady Skjei
Last Minutes Defensive
Left WingCenterRight WingDefenseDefense
David PerronClayton KellerBoone JennerJacob TroubaBrady Skjei
Time
Total ForwardTotal DefenseLast Minutes OffensiveLast Minutes Defensive
60:00 60:00 0:000:00
Extra Forwards
Normal PowerPlayPenalty Kill
Chandler Stephenson, Anders Lee, Lars EllerChandler Stephenson, Anders LeeLars Eller
Extra Defensemen
Normal PowerPlayPenalty Kill
Bowen Byram, Ilya Lyubushkin, Jake McCabeBowen Byram, Ilya LyubushkinJake McCabe
Penalty Shots
Clayton Keller, David Perron, Boone Jenner, Jesper Bratt, Brock Nelson
Goalie
Sebastian Cossa, Karel Vejmelka
Custom OT Lines Forwards
Clayton Keller, David Perron, Boone Jenner, Jesper Bratt, Brock Nelson, Nick Schmaltz, Chandler Stephenson, Anders Lee, Lars Eller, Christian Dvorak
Custom OT Lines Defensemen
Jacob Trouba, Brady Skjei, Jake McCabe, Michael Del Zotto, Bowen Byram
Scratches
Dysin Mayo (Healthy), Nick Bonino (Healthy), Tyler Johnson (Healthy)


Play-by-Play

1st period


0:01 of 1st period - Sebastian Aho wins face-off versus David Perron in neutral zone.
0:10 of 1st period - Snap shot by Sebastian Aho.
0:10 of 1st period - Shot Misses the Net.
0:50 of 1st period - Jake McCabe is hit by Sean Kuraly and loses puck.
2:13 of 1st period - Icing by Jake McCabe.
2:14 of 1st period - Sebastian Aho wins face-off versus Chandler Stephenson in Islanders zone.
2:48 of 1st period - Off-side.
2:49 of 1st period - Christian Dvorak wins face-off versus Cam Atkinson in neutral zone.
3:00 of 1st period - Slapshot by Cam Atkinson.
3:00 of 1st period - Shot Misses the Net.
3:16 of 1st period - Brady Skjei is hit by Adam Henrique and loses puck.
3:27 of 1st period - Snap shot by Anthony Mantha.
3:27 of 1st period - Stopped by Sebastian Cossa without a rebound.
3:27 of 1st period - Minor Penalty to Sebastian Cossa for Slashing.
3:28 of 1st period - Sebastian Aho wins face-off versus Clayton Keller in Islanders zone.
3:29 of 1st period - Wrist shot by Viktor Arvidsson.
3:29 of 1st period - Stopped by Sebastian Cossa with a rebound.
4:04 of 1st period - Slapshot by Justin Faulk.
4:04 of 1st period - Stopped by Sebastian Cossa with a rebound.
4:06 of 1st period - Slapshot by Justin Faulk.
4:06 of 1st period - Shot Misses the Net.
4:08 of 1st period - Snap shot by Justin Faulk.
4:08 of 1st period - Stopped by Sebastian Cossa without a rebound.
4:09 of 1st period - Boone Jenner wins face-off versus Adam Henrique in Islanders zone.
4:22 of 1st period - Slapshot by Adam Henrique.
4:22 of 1st period - Stopped by Sebastian Cossa with a rebound.
4:34 of 1st period - Viktor Arvidsson is hit by Boone Jenner.
5:27 of 1st period - Penalty to Jacob Trouba is over, Jacob Trouba is back on ice.
5:43 of 1st period - Snap shot by Christian Dvorak.
5:43 of 1st period - Shot Misses the Net.
6:23 of 1st period - Snap shot by Jesper Bratt.
6:23 of 1st period - Shot Blocked by Sean Kuraly.
6:27 of 1st period - Backhand shot by Jesper Bratt.
6:27 of 1st period - Stopped by Matt Murray with a rebound.
6:43 of 1st period - Wrist shot by Sebastian Aho.
6:43 of 1st period - Stopped by Sebastian Cossa without a rebound.
6:44 of 1st period - Matthew Savoie wins face-off versus Clayton Keller in Islanders zone.
7:14 of 1st period - Robert Thomas is hit by Brock Nelson.
7:20 of 1st period - Snap shot by Brock Nelson.
7:20 of 1st period - Stopped by Matt Murray with a rebound.
7:34 of 1st period - Chandler Stephenson is hit by Ryan Merkley and loses puck.
8:06 of 1st period - Brady Skjei is hit by Ondrej Palat and loses puck.
8:34 of 1st period - Snap shot by Chandler Stephenson.
8:34 of 1st period - Stopped by Matt Murray without a rebound.
8:35 of 1st period - Adam Henrique wins face-off versus Clayton Keller in Hurricanes zone.
9:02 of 1st period - Christian Dvorak is hit by Justin Faulk.
9:10 of 1st period - Wrist shot by Christian Dvorak.
9:10 of 1st period - Stopped by Matt Murray with a rebound.
9:28 of 1st period - Timothy Liljegren is hit by Boone Jenner and loses puck.
9:55 of 1st period - Minor Penalty to Robert Thomas for Holding.
9:56 of 1st period - Sebastian Aho wins face-off versus Clayton Keller in Hurricanes zone.
10:01 of 1st period - Slapshot by Rasmus Sandin.
10:01 of 1st period - Shot Misses the Net.
10:09 of 1st period - Snap shot by Boone Jenner.
10:09 of 1st period - Shot Misses the Net.
10:11 of 1st period - Snap shot by David Perron.
10:11 of 1st period - Shot Misses the Net.
10:13 of 1st period - Wrist shot by Clayton Keller.
10:13 of 1st period - Stopped by Matt Murray with a rebound.
10:32 of 1st period - Wrist shot by Nick Schmaltz.
10:32 of 1st period - Stopped by Matt Murray with a rebound.
11:55 of 1st period - Penalty to Robert Thomas is over, Robert Thomas is back on ice.
12:12 of 1st period - Christopher Tanev is hit by Michael Del Zotto and loses puck.
12:23 of 1st period - Slapshot by Justin Faulk.
12:23 of 1st period - Stopped by Sebastian Cossa without a rebound.
12:24 of 1st period - Adam Henrique wins face-off versus Anders Lee in Islanders zone.
12:30 of 1st period - Off-side.
12:31 of 1st period - Sebastian Aho wins face-off versus Clayton Keller in neutral zone.
12:46 of 1st period - Boone Jenner is hit by Ondrej Palat and loses puck.
15:15 of 1st period - Robert Hagg is hit by Jake McCabe and loses puck.
15:51 of 1st period - Christopher Tanev is hit by Barclay Goodrow and loses puck.
16:04 of 1st period - Snap shot by Viktor Arvidsson.
16:04 of 1st period - Stopped by Sebastian Cossa with a rebound.
16:20 of 1st period - Slapshot by Chandler Stephenson.
16:20 of 1st period - Deflect By Anders Lee.
16:20 of 1st period - Shot Blocked by Anthony Mantha.
16:20 of 1st period - Puck is out of play.
16:21 of 1st period - Matthew Savoie wins face-off versus Clayton Keller in Hurricanes zone.
16:38 of 1st period - Anthony Mantha is hit by Clayton Keller and loses puck.
16:49 of 1st period - Jake McCabe is hit by Sean Kuraly and loses puck.
17:01 of 1st period - Slapshot by Cam Atkinson.
17:01 of 1st period - Stopped by Sebastian Cossa without a rebound.
17:02 of 1st period - Chandler Stephenson wins face-off versus Sebastian Aho in Islanders zone.
17:02 of 1st period - Chandler Stephenson is hit by Viktor Arvidsson.
18:08 of 1st period - Wrist shot by Anders Lee.
18:08 of 1st period - Shot Misses the Net.
18:10 of 1st period - Snap shot by Lars Eller.
18:10 of 1st period - Islanders goal is going for a video replay.
18:10 of 1st period - The goal is good.
18:10 of 1st period - Goal by Lars Eller - Hurricanes : 0 - Islanders : 1.
18:11 of 1st period - Clayton Keller wins face-off versus Sebastian Aho in neutral zone.
18:36 of 1st period - Anthony Mantha is hit by Brock Nelson and loses puck.
19:09 of 1st period - Snap shot by Sebastian Aho.
19:09 of 1st period - Stopped by Sebastian Cossa with a rebound.
19:11 of 1st period - Slapshot by Timothy Liljegren.
19:11 of 1st period - Deflect By Sebastian Aho.
19:11 of 1st period - Deflect By Brady Skjei.
19:11 of 1st period - Stopped by Sebastian Cossa with a rebound.
Goals for this period are 0 for Hurricanes vs 1 for Islanders.
Shots for this period are 11 for Hurricanes vs 7 for Islanders.

2nd period


0:01 of 2nd period - Brock Nelson wins face-off versus Sebastian Aho in neutral zone.
0:01 of 2nd period - Jesper Bratt is hit by Sebastian Aho and loses puck.
0:14 of 2nd period - Wrist shot by Viktor Arvidsson.
0:14 of 2nd period - Stopped by Sebastian Cossa with a rebound.
0:33 of 2nd period - Snap shot by Adam Henrique.
0:33 of 2nd period - Stopped by Sebastian Cossa without a rebound.
0:34 of 2nd period - Adam Henrique wins face-off versus Clayton Keller in Islanders zone.
0:55 of 2nd period - Minor Penalty to Jake McCabe for Roughing.
0:56 of 2nd period - Adam Henrique wins face-off versus Boone Jenner in Islanders zone.
0:59 of 2nd period - Wrist shot by Adam Henrique.
0:59 of 2nd period - Stopped by Sebastian Cossa without a rebound.
1:00 of 2nd period - Boone Jenner wins face-off versus Anthony Mantha in Islanders zone.
1:05 of 2nd period - Wrist shot by Boone Jenner.
1:05 of 2nd period - Stopped by Matt Murray with a rebound.
2:19 of 2nd period - Brady Skjei is hit by Viktor Arvidsson and loses puck.
2:55 of 2nd period - Penalty to Jake McCabe is over, Jake McCabe is back on ice.
3:27 of 2nd period - Wrist shot by Christian Dvorak.
3:27 of 2nd period - Stopped by Matt Murray without a rebound.
3:28 of 2nd period - Christian Dvorak wins face-off versus Cam Atkinson in Hurricanes zone.
4:15 of 2nd period - Snap shot by Chandler Stephenson.
4:15 of 2nd period - Stopped by Matt Murray without a rebound.
4:16 of 2nd period - Adam Henrique wins face-off versus Chandler Stephenson in Hurricanes zone.
4:16 of 2nd period - Adam Henrique is hit by Jacob Trouba.
4:22 of 2nd period - Snap shot by Adam Henrique.
4:22 of 2nd period - Goal by Adam Henrique - Hurricanes : 1 - Islanders : 1.
4:23 of 2nd period - Sebastian Aho wins face-off versus Brock Nelson in neutral zone.
4:26 of 2nd period - Bowen Byram is hit by Sebastian Aho and loses puck.
4:33 of 2nd period - Slapshot by Ilya Lyubushkin.
4:33 of 2nd period - Deflect By Jesper Bratt.
4:33 of 2nd period - Shot Misses the Net.
4:33 of 2nd period - Puck is out of play.
4:34 of 2nd period - Christian Dvorak wins face-off versus Sebastian Aho in Hurricanes zone.
4:44 of 2nd period - Minor Penalty to Sebastian Aho for Slashing.
4:45 of 2nd period - Brock Nelson wins face-off versus Matthew Savoie in Hurricanes zone.
4:49 of 2nd period - Wrist shot by Jesper Bratt.
4:49 of 2nd period - Deflect By Nick Schmaltz.
4:49 of 2nd period - Stopped by Matt Murray without a rebound.
4:50 of 2nd period - Brock Nelson wins face-off versus Matthew Savoie in Hurricanes zone.
4:59 of 2nd period - Snap shot by Jesper Bratt.
4:59 of 2nd period - Stopped by Matt Murray without a rebound.
5:00 of 2nd period - Viktor Arvidsson wins face-off versus Clayton Keller in Hurricanes zone.
5:07 of 2nd period - Robert Hagg is hit by Jake McCabe and loses puck.
5:14 of 2nd period - Slapshot by Clayton Keller.
5:14 of 2nd period - Stopped by Matt Murray without a rebound.
5:15 of 2nd period - Brock Nelson wins face-off versus Matthew Savoie in Hurricanes zone.
5:16 of 2nd period - Wrist shot by Jesper Bratt.
5:16 of 2nd period - Stopped by Matt Murray without a rebound.
5:17 of 2nd period - Brock Nelson wins face-off versus Matthew Savoie in Hurricanes zone.
5:20 of 2nd period - Snap shot by Brock Nelson.
5:20 of 2nd period - Stopped by Matt Murray with a rebound.
5:28 of 2nd period - Slapshot by Nick Schmaltz.
5:28 of 2nd period - Goal by Nick Schmaltz - Hurricanes : 1 - Islanders : 2.
5:29 of 2nd period - Sebastian Aho wins face-off versus Brock Nelson in neutral zone.
5:32 of 2nd period - Snap shot by Viktor Arvidsson.
5:32 of 2nd period - Stopped by Sebastian Cossa without a rebound.
5:33 of 2nd period - Brock Nelson wins face-off versus Sebastian Aho in Islanders zone.
5:33 of 2nd period - Brock Nelson is hit by Ondrej Palat.
5:41 of 2nd period - Christopher Tanev is hit by Jesper Bratt and loses puck.
6:33 of 2nd period - Icing by Justin Faulk.
6:34 of 2nd period - Adam Henrique wins face-off versus Chandler Stephenson in Hurricanes zone.
7:13 of 2nd period - Ilya Lyubushkin is hit by Adam Henrique and loses puck.
7:36 of 2nd period - Slapshot by Justin Faulk.
7:36 of 2nd period - Deflect By Adam Henrique.
7:36 of 2nd period - Stopped by Sebastian Cossa without a rebound.
7:37 of 2nd period - Christian Dvorak wins face-off versus Sebastian Aho in Islanders zone.
7:47 of 2nd period - Ondrej Palat is hit by Barclay Goodrow.
7:48 of 2nd period - Icing by Ondrej Palat.
7:49 of 2nd period - Ondrej Palat wins face-off versus Clayton Keller in Hurricanes zone.
7:49 of 2nd period - Ondrej Palat is hit by Jake McCabe.
7:59 of 2nd period - Snap shot by Sebastian Aho.
7:59 of 2nd period - Stopped by Sebastian Cossa without a rebound.
8:00 of 2nd period - Brock Nelson wins face-off versus Sebastian Aho in Islanders zone.
8:25 of 2nd period - Rasmus Sandin is hit by Boone Jenner and loses puck.
8:32 of 2nd period - Wrist shot by Cam Atkinson.
8:32 of 2nd period - Shot Blocked by Michael Del Zotto.
8:34 of 2nd period - Slapshot by Ryan Merkley.
8:34 of 2nd period - Stopped by Sebastian Cossa without a rebound.
8:35 of 2nd period - Christian Dvorak wins face-off versus Sebastian Aho in Islanders zone.
9:03 of 2nd period - Snap shot by Anthony Mantha.
9:03 of 2nd period - Shot Misses the Net.
9:05 of 2nd period - Snap shot by Anthony Mantha.
9:05 of 2nd period - Shot Misses the Net.
9:07 of 2nd period - Snap shot by Timothy Liljegren.
9:07 of 2nd period - Goal by Timothy Liljegren - Hurricanes : 2 - Islanders : 2.
9:08 of 2nd period - Cam Atkinson wins face-off versus Brock Nelson in neutral zone.
9:43 of 2nd period - Snap shot by Adam Henrique.
9:43 of 2nd period - Shot Misses the Net.
9:45 of 2nd period - Slapshot by Robert Hagg.
9:45 of 2nd period - Deflect By Adam Henrique.
9:45 of 2nd period - Stopped by Sebastian Cossa with a rebound.
9:47 of 2nd period - Slapshot by Rasmus Sandin.
9:47 of 2nd period - Shot Blocked by Jake McCabe.
10:05 of 2nd period - Wrist shot by Viktor Arvidsson.
10:05 of 2nd period - Shot Misses the Net.
10:34 of 2nd period - Slapshot by Christian Dvorak.
10:34 of 2nd period - Shot Misses the Net.
10:40 of 2nd period - Snap shot by Anthony Mantha.
10:40 of 2nd period - Shot Misses the Net.
10:46 of 2nd period - Ryan Merkley is hit by Lars Eller.
11:14 of 2nd period - Ilya Lyubushkin is hit by Sebastian Aho and loses puck.
11:29 of 2nd period - Slapshot by Jesper Bratt.
11:29 of 2nd period - Shot Blocked by Rasmus Sandin.
11:49 of 2nd period - Slapshot by Sean Kuraly.
11:49 of 2nd period - Goal by Sean Kuraly - Hurricanes : 3 - Islanders : 2.
11:50 of 2nd period - Clayton Keller wins face-off versus Sebastian Aho in neutral zone.
12:03 of 2nd period - Wrist shot by Clayton Keller.
12:03 of 2nd period - Shot Misses the Net.
12:07 of 2nd period - Snap shot by Clayton Keller.
12:07 of 2nd period - Stopped by Matt Murray without a rebound.
12:08 of 2nd period - Christian Dvorak wins face-off versus Cam Atkinson in Hurricanes zone.
12:13 of 2nd period - Slapshot by Kyle Okposo.
12:13 of 2nd period - Stopped by Matt Murray with a rebound.
12:33 of 2nd period - Ryan Merkley is hit by Chandler Stephenson and loses puck.
12:43 of 2nd period - Icing by Timothy Liljegren.
12:44 of 2nd period - Sebastian Aho wins face-off versus Clayton Keller in Hurricanes zone.
12:51 of 2nd period - Snap shot by Viktor Arvidsson.
12:51 of 2nd period - Shot Blocked by Jacob Trouba.
13:13 of 2nd period - Slapshot by Sean Kuraly.
13:13 of 2nd period - Shot Blocked by Brady Skjei.
13:15 of 2nd period - Snap shot by Sean Kuraly.
13:15 of 2nd period - Deflect By Cam Atkinson.
13:15 of 2nd period - Shot Misses the Net.
13:15 of 2nd period - Puck is out of play.
13:16 of 2nd period - Chandler Stephenson wins face-off versus Cam Atkinson in Islanders zone.
13:33 of 2nd period - Wrist shot by Cam Atkinson.
13:33 of 2nd period - Shot Misses the Net.
13:35 of 2nd period - Slapshot by Rasmus Sandin.
13:35 of 2nd period - Shot Misses the Net.
14:15 of 2nd period - Snap shot by Chandler Stephenson.
14:15 of 2nd period - Stopped by Matt Murray without a rebound.
14:16 of 2nd period - Christian Dvorak wins face-off versus Sebastian Aho in Hurricanes zone.
14:27 of 2nd period - Slapshot by Viktor Arvidsson.
14:27 of 2nd period - Stopped by Sebastian Cossa without a rebound.
14:28 of 2nd period - Clayton Keller wins face-off versus Adam Henrique in Islanders zone.
14:46 of 2nd period - Off-side.
14:47 of 2nd period - Viktor Arvidsson wins face-off versus Brock Nelson in neutral zone.
14:56 of 2nd period - Slapshot by Jesper Bratt.
14:56 of 2nd period - Shot Misses the Net.
15:01 of 2nd period - Minor Penalty to Brock Nelson for Hooking.
15:02 of 2nd period - Sebastian Aho wins face-off versus Clayton Keller in Islanders zone.
15:28 of 2nd period - Michael Del Zotto is hit by Anthony Mantha and loses puck.
15:33 of 2nd period - Wrist shot by Anthony Mantha.
15:33 of 2nd period - Goal by Anthony Mantha - Hurricanes : 4 - Islanders : 2.
15:34 of 2nd period - Barclay Goodrow wins face-off versus Adam Henrique in neutral zone.
15:34 of 2nd period - Jacob Trouba is hit by Robert Hagg and loses puck.
15:47 of 2nd period - Wrist shot by Adam Henrique.
15:47 of 2nd period - Stopped by Sebastian Cossa with a rebound.
15:49 of 2nd period - Snap shot by Adam Henrique.
15:49 of 2nd period - Shot Misses the Net.
15:59 of 2nd period - Brady Skjei is hit by Robert Hagg and loses puck.
16:13 of 2nd period - Wrist shot by Kyle Okposo.
16:13 of 2nd period - Stopped by Matt Murray with a rebound.
16:15 of 2nd period - Slapshot by Christian Dvorak.
16:15 of 2nd period - Shot Hit the Post.
16:17 of 2nd period - Slapshot by Ilya Lyubushkin.
16:17 of 2nd period - Stopped by Matt Murray with a rebound.
16:19 of 2nd period - Wrist shot by Kyle Okposo.
16:19 of 2nd period - Stopped by Matt Murray without a rebound.
16:20 of 2nd period - Sebastian Aho wins face-off versus Brock Nelson in Hurricanes zone.
16:25 of 2nd period - Michael Del Zotto is hit by Ondrej Palat and loses puck.
16:46 of 2nd period - Boone Jenner is hit by Justin Faulk and loses puck.
17:09 of 2nd period - Wrist shot by Lars Eller.
17:09 of 2nd period - Stopped by Matt Murray with a rebound.
18:11 of 2nd period - Minor Penalty to Nick Schmaltz for Hooking.
18:12 of 2nd period - Adam Henrique wins face-off versus Boone Jenner in Islanders zone.
18:13 of 2nd period - Snap shot by Robert Thomas.
18:13 of 2nd period - Shot Misses the Net.
18:15 of 2nd period - Slapshot by Justin Faulk.
18:15 of 2nd period - Stopped by Sebastian Cossa without a rebound.
18:16 of 2nd period - Adam Henrique wins face-off versus Boone Jenner in Islanders zone.
18:31 of 2nd period - Snap shot by Anthony Mantha.
18:31 of 2nd period - Shot Misses the Net.
18:47 of 2nd period - Christopher Tanev is hit by David Perron and loses puck.
Goals for this period are 4 for Hurricanes vs 1 for Islanders.
Shots for this period are 15 for Hurricanes vs 16 for Islanders.

3rd period


0:01 of 3rd period - Sebastian Aho wins face-off versus Clayton Keller in neutral zone.
0:11 of 3rd period - Penalty to Nick Schmaltz is over, Nick Schmaltz is back on ice.
0:26 of 3rd period - Boone Jenner is hit by Julien Gauthier and loses puck.
0:53 of 3rd period - Slapshot by Justin Faulk.
0:53 of 3rd period - Stopped by Sebastian Cossa without a rebound.
0:54 of 3rd period - Sebastian Aho wins face-off versus Chandler Stephenson in Islanders zone.
1:26 of 3rd period - Backhand shot by Adam Henrique.
1:26 of 3rd period - Stopped by Sebastian Cossa without a rebound.
1:27 of 3rd period - Christian Dvorak wins face-off versus Adam Henrique in Islanders zone.
1:34 of 3rd period - Icing by Robert Thomas.
1:35 of 3rd period - Adam Henrique wins face-off versus Clayton Keller in Hurricanes zone.
2:28 of 3rd period - Jake McCabe is hit by Sean Kuraly.
2:30 of 3rd period - Wrist shot by Christian Dvorak.
2:30 of 3rd period - Goal by Christian Dvorak - Hurricanes : 4 - Islanders : 3.
2:31 of 3rd period - Clayton Keller wins face-off versus Sebastian Aho in neutral zone.
2:36 of 3rd period - Slapshot by Michael Del Zotto.
2:36 of 3rd period - Stopped by Matt Murray with a rebound.
2:46 of 3rd period - Snap shot by David Perron.
2:46 of 3rd period - Stopped by Matt Murray without a rebound.
2:47 of 3rd period - Chandler Stephenson wins face-off versus Adam Henrique in Hurricanes zone.
2:50 of 3rd period - Slapshot by Anders Lee.
2:50 of 3rd period - Stopped by Matt Murray without a rebound.
2:51 of 3rd period - Adam Henrique wins face-off versus Anders Lee in Hurricanes zone.
2:56 of 3rd period - Snap shot by Justin Faulk.
2:56 of 3rd period - Stopped by Sebastian Cossa with a rebound.
2:58 of 3rd period - Slapshot by Robert Thomas.
2:58 of 3rd period - Stopped by Sebastian Cossa without a rebound.
2:59 of 3rd period - Adam Henrique wins face-off versus Boone Jenner in Islanders zone.
3:20 of 3rd period - Christopher Tanev is hit by Boone Jenner and loses puck.
3:28 of 3rd period - Icing by Adam Henrique.
3:29 of 3rd period - Brock Nelson wins face-off versus Adam Henrique in Hurricanes zone.
3:42 of 3rd period - Snap shot by Jesper Bratt.
3:42 of 3rd period - Deflect By Brock Nelson.
3:42 of 3rd period - Stopped by Matt Murray without a rebound.
3:43 of 3rd period - Sebastian Aho wins face-off versus Clayton Keller in Hurricanes zone.
4:25 of 3rd period - Chandler Stephenson is hit by Sean Kuraly and loses puck.
4:38 of 3rd period - Snap shot by Christian Dvorak.
4:38 of 3rd period - Stopped by Matt Murray with a rebound.
4:46 of 3rd period - Bowen Byram is hit by Adam Henrique and loses puck.
5:44 of 3rd period - Off-side.
5:45 of 3rd period - Adam Henrique wins face-off versus Chandler Stephenson in neutral zone.
6:10 of 3rd period - Jake McCabe is hit by Sebastian Aho and loses puck.
7:01 of 3rd period - Snap shot by Matthew Savoie.
7:01 of 3rd period - Shot Misses the Net.
7:14 of 3rd period - Icing by David Perron.
7:15 of 3rd period - Anthony Mantha wins face-off versus Clayton Keller in Islanders zone.
7:20 of 3rd period - Snap shot by Anthony Mantha.
7:20 of 3rd period - Shot Blocked by David Perron.
7:51 of 3rd period - Slapshot by David Perron.
7:51 of 3rd period - Stopped by Matt Murray without a rebound.
7:52 of 3rd period - Cam Atkinson wins face-off versus Chandler Stephenson in Hurricanes zone.
8:04 of 3rd period - Icing by Christopher Tanev.
8:05 of 3rd period - Julien Gauthier wins face-off versus Brock Nelson in Hurricanes zone.
8:33 of 3rd period - Kyle Okposo is hit by Sebastian Aho and loses puck.
9:23 of 3rd period - Wrist shot by Cam Atkinson.
9:23 of 3rd period - Stopped by Sebastian Cossa with a rebound.
10:13 of 3rd period - Julien Gauthier is hit by Jacob Trouba and loses puck.
10:40 of 3rd period - Snap shot by Jesper Bratt.
10:40 of 3rd period - Shot Misses the Net.
10:42 of 3rd period - Snap shot by Jacob Trouba.
10:42 of 3rd period - Stopped by Matt Murray without a rebound.
10:43 of 3rd period - Brock Nelson wins face-off versus Adam Henrique in Hurricanes zone.
10:48 of 3rd period - Backhand shot by Jesper Bratt.
10:48 of 3rd period - Shot Misses the Net.
10:50 of 3rd period - Snap shot by Jacob Trouba.
10:50 of 3rd period - Stopped by Matt Murray without a rebound.
10:51 of 3rd period - Adam Henrique wins face-off versus Chandler Stephenson in Hurricanes zone.
11:07 of 3rd period - Brady Skjei is hit by Rasmus Sandin and loses puck.
11:23 of 3rd period - Robert Hagg beats up Brady Skjei.
11:23 of 3rd period - Penalty to Brady Skjei for Fighting.
11:23 of 3rd period - Penalty to Robert Hagg for Fighting.
11:24 of 3rd period - Sebastian Aho wins face-off versus Christian Dvorak in Hurricanes zone.
11:24 of 3rd period - Sebastian Aho is hit by Barclay Goodrow.
11:40 of 3rd period - Slapshot by Kyle Okposo.
11:40 of 3rd period - Goal by Kyle Okposo - Hurricanes : 4 - Islanders : 4.
11:41 of 3rd period - Sebastian Aho wins face-off versus Brock Nelson in neutral zone.
11:41 of 3rd period - Sebastian Aho is hit by Jesper Bratt.
11:45 of 3rd period - Snap shot by Ondrej Palat.
11:45 of 3rd period - Shot Misses the Net.
11:47 of 3rd period - Wrist shot by Ondrej Palat.
11:47 of 3rd period - Stopped by Sebastian Cossa with a rebound.
12:02 of 3rd period - Minor Penalty to Bowen Byram for Hooking.
12:03 of 3rd period - Adam Henrique wins face-off versus Boone Jenner in Islanders zone.
13:15 of 3rd period - Rasmus Sandin is hit by Boone Jenner and loses puck.
13:19 of 3rd period - Icing by Timothy Liljegren.
13:20 of 3rd period - Boone Jenner wins face-off versus Viktor Arvidsson in Hurricanes zone.
13:45 of 3rd period - Christopher Tanev is hit by Jacob Trouba.
14:02 of 3rd period - Penalty to Bowen Byram is over, Bowen Byram is back on ice.
14:05 of 3rd period - Boone Jenner is hit by Julien Gauthier and loses puck.
14:18 of 3rd period - Snap shot by Sean Kuraly.
14:18 of 3rd period - Shot Misses the Net.
15:17 of 3rd period - Adam Henrique is hit by Ilya Lyubushkin and loses puck.
15:45 of 3rd period - Cam Atkinson is hit by Barclay Goodrow and loses puck.
16:05 of 3rd period - Icing by Christopher Tanev.
16:06 of 3rd period - Brock Nelson wins face-off versus Viktor Arvidsson in Hurricanes zone.
17:08 of 3rd period - Slapshot by Clayton Keller.
17:08 of 3rd period - Stopped by Matt Murray with a rebound.
17:18 of 3rd period - Cam Atkinson is hit by Jacob Trouba and loses puck.
17:25 of 3rd period - Adam Henrique is hit by Anders Lee and loses puck.
18:00 of 3rd period - Timothy Liljegren is hit by Jake McCabe.
18:04 of 3rd period - Logan Mailloux is hit by Christian Dvorak.
18:16 of 3rd period - Boone Jenner is hit by Timothy Liljegren and loses puck.
19:13 of 3rd period - Slapshot by Kyle Okposo.
19:13 of 3rd period - Shot Misses the Net.
19:23 of 3rd period - Robert Hagg is hit by Boone Jenner and loses puck.
Goals for this period are 0 for Hurricanes vs 2 for Islanders.
Shots for this period are 6 for Hurricanes vs 11 for Islanders.

Overtime #1


0:01 of 1st overtime period - David Perron wins face-off versus Sebastian Aho in neutral zone.
0:14 of 1st overtime period - Snap shot by David Perron.
0:14 of 1st overtime period - Stopped by Matt Murray with a rebound.
0:16 of 1st overtime period - Snap shot by Clayton Keller.
0:16 of 1st overtime period - Stopped by Matt Murray with a rebound.
0:37 of 1st overtime period - Slapshot by Viktor Arvidsson.
0:37 of 1st overtime period - Goal by Viktor Arvidsson - Hurricanes : 5 - Islanders : 4.
Goals for this period are 1 for Hurricanes vs 0 for Islanders.
Shots for this period are 1 for Hurricanes vs 2 for Islanders.